 Dungeon Crawl Stone Soup version 0.18.1-50-g88ac8fd (webtiles) character file.

63031 theElss the Peltast (level 15, -3/93 HPs)
             Began as a Gargoyle Berserker on Oct 8, 2016.
             Was the Champion of Trog.
             Killed from afar by a fire dragon (8 damage)
             ... with a blast of flame
             ... on level 8 of the Lair of Beasts.
             The game lasted 01:19:44 (19577 turns).

theElss the Peltast (Gargoyle Berserker)           Turns: 19577, Time: 01:19:47

Health: -3/93      AC: 30    Str: 30    XL:     15   Next: 8%
Magic:  24/24      EV: 14    Int: 10    God:    Trog [******]
Gold:   1139       SH: 15    Dex:  9    Spells: 0 memorised, 14 levels left

rFire  . . .     SeeInvis +     R - +3 morningstar
rCold  + . .     Gourm    .     G - +7 ring mail "Itosoihuna" {rC+ Regen+ MP+9}
rNeg   + + +     Faith    +     e - +0 shield
rPois  ∞         Spirit   .     a - +0 helmet
rElec  +         Dismiss  .     M - +2 cloak
rCorr  .         Reflect  .     I - +0 pair of gloves
SustAt +         Harm     .     (no boots)
MR     +....                    b - amulet of faith
Stlth  +.........               F - ring "Rutiuzxe" {SustAt rN++ Str+5 Slay+4}
                                s - ring of see invisible

@: flying, somewhat resistant to hostile enchantments, very unstealthy
A: big wings, negative energy resistance 1, electricity resistance, unbreathing,
petrification resistance, rot immunity, AC +11
a: Stop Flying, Berserk, Trog's Hand, Brothers in Arms, Burn Spellbooks,
Renounce Religion


You were on level 8 of the Lair of Beasts.
You worshipped Trog.
Trog was exalted by your worship.
You were very hungry.

You visited 3 branches of the dungeon, and saw 20 of its levels.

You collected 1139 gold pieces.

Inventory:

Hand Weapons
 v - a +1 morningstar of protection
 R - a +3 morningstar (weapon)
Armour
 a - a +0 helmet (worn)
 e - a +0 shield (worn)
 G - the +7 ring mail "Itosoihuna" (worn) {rC+ Regen+ MP+9}
   (You found it on level 8 of the Dungeon)

   It protects you from cold.
   It affects your magic capacity (+9).
   It increases your rate of regeneration.
 I - a +0 pair of gloves (worn)
 L - a +0 plate armour of cold resistance
 M - a +2 cloak (worn)
Jewellery
 b - an amulet of faith (around neck)
 g - an uncursed amulet of the gourmand
 o - an uncursed amulet of regeneration
 q - an uncursed ring of positive energy
 s - a ring of see invisible (left hand)
 u - an uncursed ring of ice
 D - a +3 ring of protection
 F - the ring "Rutiuzxe" (right hand) {SustAt rN++ Str+5 Slay+4}
   (You found it on level 7 of the Lair of Beasts)

   [ring of sustain attributes]

   It sustains your strength, intelligence and dexterity.
   It affects your strength (+5).
   It affects your accuracy and damage with ranged weapons and melee attacks
   (+4).
   It greatly protects you from negative energy.
 W - an uncursed ring of protection from fire
Wands
 d - a wand of disintegration (7/24)
 f - a wand of disintegration (19/24)
 l - a wand of lightning (6/15)
 x - a wand of disintegration (8/24)
 y - a wand of digging (10/24)
 J - a wand of confusion (20/48)
 V - a wand of disintegration (20/24)
 Z - a wand of iceblast (4/15)
Scrolls
 i - 8 scrolls of remove curse
 k - 9 scrolls of teleportation
 p - 6 scrolls of magic mapping
 w - 3 scrolls of identify
 E - a scroll of blinking
 H - 2 scrolls of recharging
Potions
 j - 2 potions of haste
 m - 6 potions of heal wounds
 n - 3 potions of agility
 r - 8 potions of curing
 B - a potion of resistance
 K - a potion of cure mutation
Books
 c - a Young Poisoner's Handbook

   Spells                             Type                      Level
   a - Sting                          Conjuration/Poison           1
   b - Cure Poison                    Poison                       2
   c - Mephitic Cloud                 Conjuration/Poison/Air       3
   d - Olgreb's Toxic Radiance        Poison                       4
   e - Venom Bolt                     Conjuration/Poison           5
   Trog disapproves of the use of such an item.
 N - a book of Burglary

   Spells                             Type                      Level
   a - Swiftness                      Charms/Air                   2
   b - Passwall                       Transmutation/Earth          2
   c - Passage of Golubria            Translocation                4
   d - Lee's Rapid Deconstruction     Earth                        5
   e - Darkness                       Hexes                        6
   f - Invisibility                   Hexes                        6
   Trog disapproves of the use of such an item.
Comestibles
 h - 17 meat rations
 t - a beef jerky
 z - 3 slices of pizza
 A - a bread ration
 C - 11 fruits


   Skills:
 + Level 10.7 Fighting
 + Level 11.6 Maces & Flails
 + Level 7.6 Armour
 + Level 9.9 Dodging
 * Level 17.8 Shields


You had 14 spell levels left.
You didn't know any spells.

Dungeon Overview and Level Annotations

Branches:
Dungeon (11/15)            Temple (1/1) D:7            Lair (8/8) D:8
 Shoals (0/4) Lair:4        Snake (0/4) Lair:5        Slime (0/6) Lair:7
    Orc: D:9-12

Altars:
Ashenzari
Cheibriados
Dithmenos
Elyvilon
Fedhas
Gozag
Kikubaaqudgha
Makhleb
Nemelex Xobeh
Okawaru
Pakellas
Qazlal
Ru
Sif Muna
Trog
Vehumet
Xom
Yredelemnul
Zin
The Shining One
Jiyva

Shops:
D:7 *

Annotations:
Lair:2 exclusion: oklob plant
Lair:7 1 runed door


Innate Abilities, Weirdness & Mutations

You are resistant to torment.
Your stone body is resilient (AC +11).
You are immune to poison.
Your large and strong wings let you fly indefinitely.
You resist negative energy.
You are resistant to electric shocks.
You can survive without breathing.
You are immune to petrification.
You are immune to rotting.


Message History

You are engulfed in a cloud of scalding steam.
The fire dragon bites you but does no damage.
The fire dragon closely misses you. You block the fire dragon's attack.
You hit the fire dragon.
The fire dragon is almost dead.
You are engulfed in a cloud of scalding steam.
You block the steam dragon's attack. x2
The fire dragon breathes flames at you. The blast of flame hits you!
* * * LOW HITPOINT WARNING * * *
Unknown command.
Okay, then.
Unknown command.
Your hill giant goes berserk!
You feel somewhat more hungry.
You are engulfed in a cloud of scalding steam.
You block the steam dragon's attack. x2
The fire dragon breathes flames at you. The blast of flame hits you!
You die...

≈.♣♣♣..
≈≈..♣≈.♣♣♣
≈≈≈≈.≈≈..♣♣
≈≈≈≈≈≈≈≈..♣♣
≈≈≈≈≈≈≈≈≈P.♣♣
..≈≈..≈≈≈≈.)♣
♣.....DD≈C≈.♣ ≈♣
♣@♣≈≈≈♣ ♣≈♣♣
♣♣≈≈≈≈♣ ≈≈≈P♣♣
♣♣§≈≈.♣♣ ♣♣
..≈≈.♣♣ ♣♣≈§.?.♣
♣.♣
..≈..♣♣♣≈≈P.♣♣♣
♣♣..♣♣
♣≈$≈≈≈≈..♣♣ .....
♣♣≈≈≈♣≈P..♣ ♣
♣P.♣♣≈≈≈P....♣♣
♣♣♣♣♣♣≈≈≈♣P.♣..♣♣


You could see a fire dragon, a steam dragon and a friendly hill giant (berserk).

Vanquished Creatures
  Kirke (Lair:8)
  The ghost of negitausen the Carver, a journeyman MiBe of Trog (Lair:1)
  3 hydras
  A catoblepas (Lair:8)
  The ghost of Trampli the Cleaver, a novice HOFi of Beogh (D:9)
  A queen ant (Lair:2)
  16 death yaks
  2 unseen horrors (D:11)
  A fire crab (Lair:6)
  A hill giant (D:11)
  Pikel (D:9)
  An oklob plant (Lair:3)
  2 griffons
  2 manticores (Lair:8)
  An ugly thing (D:11)
  6 elephants
  A torpor snail (Lair:3)
  A siren (Lair:4)
  Maurice (D:9)
  12 spiny frogs
  4 black mambas
  3 rime drakes (Lair:8)
  9 komodo dragons
  2 trolls (D:11)
  3 merfolk (Lair:4)
  Prince Ribbit (D:9)
  A two-headed ogre (D:11)
  2 polar bears
  9 blink frogs
  A spriggan (Lair:5)
  A hog (D:7)
  2 wyverns
  50 yaks
  A human (D:7)
  11 hippogriffs
  7 basilisks
  2 hungry ghosts
  2 steam dragons (Lair:8)
  Grum (D:8)
  3 mottled dragons
  17 soldier ants (Lair:2)
  20 water moccasins
  12 porcupines
  4 orc warriors
  An ice beast (D:6)
  6 sky beasts
  2 black bears
  3 phantoms
  A wasp (D:11)
  A swamp drake (Lair:8)
  3 ogres
  5 centaurs
  30 wolves
  21 crocodiles
  A big kobold (D:9)
  10 giant frogs
  4 scorpions
  9 wights
  7 killer bees
  An electric eel (Lair:4)
  6 crimson imps
  2 giant frog zombies
  A quasit (D:7)
  2 centaur skeletons
  A centaur zombie (D:7)
  6 orc priests
  A jelly (D:6)
  7 hounds
  12 iguanas
  11 orc wizards
  40 worker ants
  8 hell rats
  16 sheep
  4 hound skeletons
  A howler monkey zombie (D:9)
  2 worker ant zombies (D:5)
  7 gnolls (D:5)
  6 adders
  35 river rats
  3 shadow imps
  2 oozes
  4 adder skeletons (D:7)
  2 adder zombies (D:8)
  4 worms
  4 dart slugs
  8 giant geckos
  33 orcs
  4 giant cockroaches
  11 goblins
  5 hobgoblins
  14 jackals
  6 quokkas
  5 bats
  A giant gecko skeleton (D:4)
  2 giant gecko zombies
  9 giant newts
  12 kobolds
  A quokka skeleton (D:8)
  12 rats
639 creatures vanquished.

Vanquished Creatures (others)
  A hydra (Lair:8)
  4 humans (Lair:8)
  A water moccasin (Lair:8)
  A crimson imp (D:9)
  4 orcs (D:11)
  9 fungi
  7 plants
27 creatures vanquished.

Grand Total: 666 creatures vanquished

Notes
Turn   | Place    | Note
--------------------------------------------------------------
     0 | D:1      | theElss the Gargoyle Berserker began the quest for the Orb.
     0 | D:1      | Reached XP level 1. HP: 14/14 MP: 1/1
   335 | D:1      | Reached XP level 2. HP: 20/20 MP: 2/2
   645 | D:1      | Reached XP level 3. HP: 20/24 MP: 3/3
   657 | D:1      | Reached ** piety under Trog
   657 | D:1      | Reached skill level 1 in Shields
  1104 | D:2      | Reached XP level 4. HP: 22/29 MP: 4/4
  1223 | D:2      | Reached skill level 2 in Shields
  1262 | D:2      | Found a stormy altar of Qazlal.
  1770 | D:3      | Reached *** piety under Trog
  1770 | D:3      | Reached XP level 5. HP: 19/33 MP: 5/5
  1861 | D:3      | Found a white marble altar of Elyvilon.
  2147 | D:3      | Reached skill level 3 in Shields
  2683 | D:2      | Found a shattered altar of Ashenzari.
  2928 | D:4      | Noticed a centaur
  2943 | D:4      | Killed a centaur
  2943 | D:4      | Reached XP level 6. HP: 34/39 MP: 6/6
  3111 | D:5      | Entered Level 5 of the Dungeon
  3155 | D:5      | Reached skill level 4 in Shields
  3396 | D:5      | Noticed a sky beast
  3401 | D:5      | Reached XP level 7. HP: 41/44 MP: 7/7
  3423 | D:5      | Reached skill level 5 in Shields
  3469 | D:5      | Reached **** piety under Trog
  3603 | D:5      | Found an iron altar of Okawaru.
  3696 | D:5      | Reached skill level 5 in Fighting
  3696 | D:5      | Reached skill level 6 in Shields
  3753 | D:5      | Reached XP level 8. HP: 49/49 MP: 8/8
  3812 | D:5      | Found a blossoming altar of Fedhas.
  3827 | D:5      | Reached skill level 7 in Shields
  4416 | D:6      | Reached skill level 8 in Shields
  4661 | D:6      | Reached skill level 9 in Shields
  4692 | D:6      | HP: 3/75 [orc (1)]
  4696 | D:6      | Reached skill level 5 in Maces & Flails
  4696 | D:6      | Reached XP level 9. HP: 4/54 MP: 9/9
  4937 | D:6      | Found an ancient bone altar of Kikubaaqudgha.
  5037 | D:6      | Reached ***** piety under Trog
  5278 | D:7      | Reached skill level 10 in Shields
  5327 | D:7      | Found Peorgh Le Her's Assorted Antiques.
  5382 | D:7      | Found a sparkling altar of Nemelex Xobeh.
  5403 | D:7      | Got a transparent trident
  5452 | D:7      | Found a staircase to the Ecumenical Temple.
  5547 | D:7      | Received a gift from Trog
  5671 | D:7      | Reached skill level 5 in Armour
  5673 | D:7      | Reached skill level 11 in Shields
  5674 | D:7      | Reached XP level 10. HP: 53/60 MP: 10/10
  5707 | D:7      | Found an oddly glowing altar of Pakellas.
  6172 | D:8      | Got an encrusted leather armour
  6180 | D:8      | Received a gift from Trog
  6205 | D:7      | Identified the cursed +1 leather armour of Mental Paralysis {+Fly rC- Dex-5 SInv} (You found it on level 8 of the Dungeon)
  6234 | D:8      | Got an obsidian-encrusted ring mail
  6261 | D:7      | Identified the +7 ring mail "Itosoihuna" {rC+ Regen+ MP+9} (You found it on level 8 of the Dungeon)
  6674 | D:8      | Found a staircase to the Lair.
  6855 | D:8      | Found a shimmering altar of Xom.
  6855 | D:8      | Found a snail-covered altar of Cheibriados.
  7009 | Temple   | Entered the Ecumenical Temple
  7215 | D:9      | Noticed Trampli's ghost (novice HOFi)
  7372 | D:9      | Noticed Prince Ribbit
  7393 | D:9      | Killed Prince Ribbit
  7453 | D:9      | Noticed Pikel
  7479 | D:9      | Killed Pikel
  7479 | D:9      | Reached skill level 5 in Dodging
  7479 | D:9      | Reached skill level 12 in Shields
  7588 | D:9      | Noticed Maurice
  7659 | D:10     | Entered Level 10 of the Dungeon
  7803 | D:9      | Killed Trampli's ghost
  7803 | D:9      | Reached XP level 11. HP: 53/66 MP: 11/11
  7897 | D:9      | Killed Maurice
  8051 | D:9      | Reached skill level 13 in Shields
  9282 | D:11     | Noticed an unseen horror
  9292 | D:11     | Killed an unseen horror
  9400 | D:11     | Noticed an unseen horror
  9452 | D:11     | Killed an unseen horror
  9641 | D:11     | Noticed a seven-headed hydra
  9745 | D:11     | Reached skill level 14 in Shields
  9822 | D:11     | Noticed a purple ugly thing
  9852 | D:11     | Killed a purple ugly thing
  9856 | D:11     | Noticed a hill giant
  9867 | D:11     | Killed a hill giant
  9911 | D:11     | Found a sacrificial altar of Ru.
 10216 | D:11     | Received a gift from Trog
 10216 | D:11     | Reached XP level 12. HP: 73/73 MP: 12/12
 10396 | Lair:1   | Entered Level 1 of the Lair of Beasts
 10396 | Lair:1   | Noticed negitausen's ghost (journeyman MiBe)
 10465 | Lair:1   | Noticed Grum
 10519 | D:8      | Killed Grum
 10606 | Lair:1   | Killed negitausen's ghost
 11024 | Lair:1   | Noticed a seven-headed hydra
 11029 | Lair:1   | Killed a seven-headed hydra
 11438 | Lair:2   | Identified the Almanac of Creative Moulding
 11961 | Lair:2   | Reached skill level 15 in Shields
 11989 | Lair:2   | Received a gift from Trog
 12056 | Lair:2   | Noticed a queen ant
 12099 | Lair:2   | Killed a queen ant
 12310 | Lair:2   | Reached XP level 13. HP: 80/80 MP: 7/13
 13013 | Lair:3   | Reached ****** piety under Trog
 13117 | Lair:3   | Got a jewelled leather armour
 13128 | Lair:3   | Found a sparkling altar of Nemelex Xobeh.
 13142 | Lair:3   | Identified the +3 leather armour "Onot" {Int+2} (You found it on level 3 of the Lair of Beasts)
 14389 | Lair:4   | Received a gift from Trog
 14490 | Lair:4   | Reached skill level 16 in Shields
 14548 | Lair:4   | Found a staircase to the Shoals.
 14661 | Lair:4   | Reached skill level 10 in Maces & Flails
 15548 | Lair:5   | Found a staircase to the Snake Pit.
 16214 | Lair:5   | Received a gift from Trog
 16539 | Lair:6   | Gained mutation: Your large and strong wings let you fly indefinitely. [Gargoyle growth]
 16539 | Lair:6   | Reached XP level 14. HP: 87/87 MP: 14/14
 16559 | Lair:6   | Reached skill level 10 in Fighting
 16873 | Lair:6   | Received a gift from Trog
 17436 | Lair:7   | Got an ancient lapis lazuli ring
 17438 | Lair:7   | Identified the ring "Rutiuzxe" {SustAt rN++ Str+5 Slay+4} (You found it on level 7 of the Lair of Beasts)
 17747 | Lair:7   | Reached skill level 17 in Shields
 18035 | Lair:7   | Found a runed door.
 18036 | Lair:7   | Noticed an acid blob
 18038 | Lair:7   | Noticed an acid blob
 18040 | Lair:7   | Found a viscous altar of Jiyva.
 18040 | Lair:7   | Found a staircase to the Slime Pits.
 18091 | Lair:8   | Entered Level 8 of the Lair of Beasts
 18219 | Lair:8   | Received a gift from Trog
 18296 | Lair:8   | Noticed Kirke
 18476 | Lair:8   | Killed Kirke
 19127 | Lair:8   | Reached XP level 15. HP: 88/93 MP: 15/15
 19576 | Lair:8   | HP: 4/93 [fire dragon/blast of flame (41)]
 19577 | Lair:8   | Killed from afar by a fire dragon

Skill      XL: |  1  2  3  4  5  6  7  8  9 10 11 12 13 14 |
---------------+-------------------------------------------+-----
Fighting       | 4 5 6 7 8 9 10 | 10.7
Shields        | 1 2 3 4 6 9 11 12 14 15 16 17 | 17.8
Dodging        | 2 3 5 6 7 8 9 |  9.9
Armour         | 3 4 5 6 7 |  7.6
Maces & Flails | 4 5 6 7 8 10 11 | 11.6

Action                   |  1- 3 |  4- 6 |  7- 9 | 10-12 | 13-15 || total
-------------------------+-------+-------+-------+-------+-------++-------
Melee: Mace              |   110 |   359 |   675 |   643 |       ||  1787
       Morningstar       |       |       |       |   869 |  1447 ||  2316
Invok: Berserk           |     1 |     3 |     6 |    10 |     4 ||    24
       Trog's Hand       |       |       |     1 |       |     1 ||     2
       Brothers in Arms  |       |       |       |       |     1 ||     1
 Abil: Fly               |       |       |       |       |     1 ||     1
  Use: Scroll            |       |       |    12 |     6 |     6 ||    24
  Eat: Chunk             |     2 |     8 |    15 |    48 |    23 ||    96
       Beef jerky        |       |     1 |       |       |       ||     1
       Fruit             |       |       |     2 |       |       ||     2
Armor: Ring mail         |    53 |    71 |    96 |   571 |   592 ||  1383
       Animal skin       |     9 |       |       |       |       ||     9
       Plate armour      |       |   121 |   371 |       |       ||   492
Dodge: Dodged            |    41 |    89 |   216 |   574 |   649 ||  1569
Block: Shield            |    55 |   184 |   494 |  1018 |  1137 ||  2888
